 Dungeon Crawl Stone Soup version 0.21.1-1-g345015fe64 (webtiles) character file.

1352 Lennu the Cudgeler (level 8, -1/60 HPs)
             Began as a Demonspawn Fighter on May 30, 2018.
             Was an Initiate of Yredelemnul.
             Killed by divine providence
             ... invoked by an orc priest
              (9 damage)
             ... on level 6 of the Dungeon.
             The game lasted 00:12:23 (6710 turns).

Lennu the Cudgeler (Demonspawn Fighter)             Turns: 6710, Time: 00:12:25

Health: -1/60      AC:  7    Str: 22    XL:     8   Next: 36%
Magic:  9/9        EV: 15    Int: 10    God:    Yredelemnul [......]
Gold:   262        SH: 11    Dex: 19    Spells: 7/7 levels left

rFire    . . .     SeeInvis +   a - +1 flail
rCold    . . .     Gourm    +   c - +0 shield
rNeg     . . .     Faith    .   b - +0 scale mail
rPois    .         Spirit   .   (helmet restricted)
rElec    .         Reflect  .   (no cloak)
rCorr    .         Harm     .   (no gloves)
MR       .....                  (no boots)
Stlth    +++.......             p - amulet of the gourmand
HPRegen  0.20/turn              u - ring of see invisible
MPRegen  0.11/turn              (no ring)

@: mighty, agile, lethally poisoned (-1 -> -2)
A: claws 1, horns 2, camouflage 1, foul stench 1, mutation resistance 1, powered
by pain 1, screaming 1, rot immunity
a: Renounce Religion


You were on level 6 of the Dungeon.
You worshipped Yredelemnul.
Yredelemnul was noncommittal.
You were very full.

You visited 1 branch of the dungeon, and saw 6 of its levels.

You collected 262 gold pieces.

Inventory:

Hand Weapons
 a - a +1 flail (weapon)
Armour
 b - a +0 scale mail (worn)
 c - a +0 shield (worn)
Magical Staves
 r - an uncursed staff of cold
Jewellery
 p - an amulet of the gourmand (around neck)
 u - a ring of see invisible (left claw)
Wands
 v - a wand of flame (35)
Scrolls
 e - 5 scrolls of enchant weapon
 g - 2 scrolls of teleportation
 i - a scroll of amnesia {unknown}
 k - a scroll of holy word {unknown}
 l - 8 scrolls of remove curse
 m - 3 scrolls of identify
 o - 2 scrolls of magic mapping
 t - a scroll of silence {unknown}
Potions
 d - 2 potions of might
 h - 2 potions of curing
 j - 2 potions of resistance
 n - a potion of lignification
Books
 q - a book of Debilitation

   Spells                             Type                      Level
   a - Corona                         Hexes                        1
   b - Slow                           Hexes                        2
   c - Inner Flame                    Hexes/Fire                   3
   d - Portal Projectile              Hexes/Translocation          3
   e - Cause Fear                     Hexes                        4
   f - Leda's Liquefaction            Hexes/Earth                  4
Comestibles
 f - 12 rations
 s - 7 chunks of flesh


   Skills:
 + Level 4.2 Fighting
 + Level 5.4 Maces & Flails
 + Level 5.0 Armour
 + Level 3.0 Dodging
 + Level 1.5 Stealth
 + Level 4.8 Shields
 * Level 2.6 Invocations


You had 7 spell levels left.
You didn't know any spells.

Dungeon Overview and Level Annotations

Branches:
Dungeon (6/15)
 Temple: D:4-7

Altars:
Elyvilon
Kikubaaqudgha
Yredelemnul

Shops:
D:5 [


Innate Abilities, Weirdness & Mutations

You have a pair of horns on your head.
You may emit foul miasma when damaged in melee.
You sometimes gain a little power by taking damage.
You are immune to rotting.
You have sharp fingernails.
Your skin changes colour to match your surroundings (Stealth+).
You are somewhat resistant to further mutation.
You occasionally shout uncontrollably at your foes.


Message History

You feel very mighty all of a sudden. The orc priest closely misses you.
Items here: $ ) [ † 9 gold pieces; a dagger of venom; a robe; an orc corpse You closely miss the orc priest.
Your headbutt misses the orc priest. You block the orc priest's attack.
Your shield and scale mail prevent you from hitting the orc priest.
You headbutt the orc priest!
The orc priest is severely wounded.
You feel sick. You block the orc priest's attack.
You barely miss the orc priest.
The orc priest is severely wounded.
The orc priest looks braver for a moment.
You hit the orc priest. Your headbutt misses the orc priest.
The orc priest is severely wounded.
You feel sick.
The orc priest calls down the wrath of Beogh upon you.
Beogh smites you!
You die...
Your body rises from the dead as a mindless zombie.

######.##
.......# ##
..<.(..### #.
...###...###..
..## ###...# .#
..# ##..# .#
..## ##..# #.##
...#####..##
#.o# #.........#
#@# #..#.. .#
##.######## #)#
#..... .# #.#
##.# ##....##.#
#.#
##..###........#
##.#
#.(............#
#..#
##......##....#
#..##
##.....##...#
##..#
##..........#
##.##
#..###......##


You could see an orc priest.

Vanquished Creatures
  Prince Ribbit (D:5)
  A human (D:5)
  Duvessa (D:6)
  A phantom (D:5)
  Dowan (D:6)
  A howler monkey (D:5)
  A bullfrog zombie (D:3)
  2 crimson imps (D:6)
  2 quasits
  2 bullfrog skeletons
  2 hounds (D:6)
  4 orc wizards
  Jessica (D:3)
  2 iguanas (D:5)
  3 worker ants
  7 adders
  2 oozes
  2 worms (D:2)
  3 dart slugs
  6 leopard geckos
  16 orcs
  5 giant cockroaches
  9 goblins
  7 hobgoblins
  14 jackals
  6 kobolds
  3 quokkas
  4 ball pythons
  8 bats
  4 frilled lizards
  A kobold zombie (D:5)
  A leopard gecko skeleton (D:5)
  3 rats
126 creatures vanquished.

Notes
Turn   | Place    | Note
-------+----------+-------------------------------------------
     0 | D:1      | Lennu the Demonspawn Fighter began the quest for the Orb.
     0 | D:1      | Reached XP level 1. HP: 18/18 MP: 1/1
    77 | D:1      | Gained mutation: You are immune to rotting. [demonic ancestry]
    77 | D:1      | Reached XP level 2. HP: 14/24 MP: 2/2
   398 | D:1      | Gained mutation: You have a pair of small horns on your head. [demonic ancestry]
   398 | D:1      | Reached XP level 3. HP: 12/29 MP: 3/3
  1979 | D:2      | Found a white marble altar of Elyvilon.
  2114 | D:2      | Found a faded altar of an unknown god.
  2283 | D:3      | Reached XP level 4. HP: 30/35 MP: 4/4
  2508 | D:3      | Reached skill level 1 in Dodging
  3241 | D:3      | Gained mutation: You may emit foul miasma when damaged in melee. [demonic ancestry]
  3241 | D:3      | Reached XP level 5. HP: 33/41 MP: 5/5
  3659 | D:3      | Noticed Jessica
  3661 | D:3      | Killed Jessica
  3677 | D:3      | Gained mutation: You have sharp fingernails. [potion of mutation]
  3677 | D:3      | Gained mutation: You occasionally shout uncontrollably at your foes. [potion of mutation]
  3677 | D:3      | Gained mutation: You are somewhat resistant to further mutation. [potion of mutation]
  3677 | D:3      | Gained mutation: Your skin changes colour to match your surroundings (Stealth+). [potion of mutation]
  4320 | D:4      | Gained mutation: You have a pair of horns on your head. [demonic ancestry]
  4320 | D:4      | Reached XP level 6. HP: 37/47 MP: 6/6
  5143 | D:5      | Entered Level 5 of the Dungeon
  5158 | D:5      | Found an ancient bone altar of Kikubaaqudgha.
  5352 | D:5      | Noticed Prince Ribbit
  5390 | D:5      | Killed Prince Ribbit
  5390 | D:5      | Reached skill level 1 in Stealth
  5390 | D:5      | Gained mutation: You sometimes gain a little power by taking damage. [demonic ancestry]
  5390 | D:5      | Reached XP level 7. HP: 21/53 MP: 7/7
  5640 | D:5      | Found a runed door.
  5640 | D:5      | Noticed a human
  5642 | D:5      | Found a basalt altar of Yredelemnul.
  5657 | D:5      | Killed a human
  5666 | D:5      | Became a worshipper of Yredelemnul the Dark
  5678 | D:5      | Found Nomitug's Armour Boutique.
  6230 | D:6      | Reached skill level 1 in Invocations
  6230 | D:6      | Reached XP level 8. HP: 57/60 MP: 8/8
  6270 | D:6      | Reached skill level 5 in Maces & Flails
  6649 | D:6      | Noticed Duvessa
  6650 | D:6      | Noticed Dowan
  6655 | D:6      | Killed Duvessa
  6655 | D:6      | Reached skill level 5 in Armour
  6660 | D:6      | Killed Dowan
  6710 | D:6      | Killed from afar by an orc priest

Skill      XL: |  1  2  3  4  5  6  7  8 |
---------------+-------------------------+-----
Armour         | 3 4 5 |  5.0
Maces & Flails | 2 3 4 5 |  5.4
Shields        | 3 4 |  4.8
Dodging        | 1 2 3 |  3.0
Stealth        | 1 |  1.5
Fighting       | 4 |  4.2
Invocations    | 1 2 |  2.6

Action                   |  1- 3 |  4- 6 |  7- 9 || total
-------------------------+-------+-------+-------++-------
Melee: Flail             |   156 |   208 |   103 ||   467
       Headbutt          |     4 |    38 |    26 ||    68
  Use: Scroll            |       |    12 |       ||    12
       Potion            |       |     4 |     1 ||     5
 Stab: Sleeping          |       |     1 |     2 ||     3
  Eat: Chunk             |     4 |    21 |     5 ||    30
Armor: Scale mail        |    90 |    90 |    41 ||   221
Dodge: Dodged            |    49 |    73 |    47 ||   169
Block: Shield            |    84 |   125 |    51 ||   260
